 Dungeon Crawl Stone Soup version 0.29-a0-82-g837932c90e (webtiles) character file.

Game seed: 16378473817823642180

302 HallandMoats the Skirmisher (level 6, -8/56 HPs)
             Began as a Ghoul Monk on Feb 5, 2022.
             Was a Believer of Okawaru.
             Mangled by an ogre (14 damage)
             ... on level 4 of the Dungeon.
             The game lasted 00:07:10 (4464 turns).

HallandMoats the Skirmisher (Ghoul Monk)            Turns: 4464, Time: 00:07:11

Health: -8/56      AC: 10    Str: 15    XL:     6   Next: 37%
Magic:  3/5        EV: 12    Int:  5    God:    Okawaru [**....]
Gold:   69         SH:  0    Dex: 13    Spells: 5/5 levels left

rFire   . . .      SeeInvis .   a - +0 spear
rCold   + . .      Faith    .   (no shield)
rNeg    + + +      Spirit   .   d - +0 scale mail
rPois   ∞          Reflect  .   g - +0 helmet
rElec   .          Harm     .   l - +0 cloak
rCorr   .          Rampage  .   (no gloves)
Will    .....                   (no boots)
Stlth   ++........              (no amulet)
HPRegen 0.00/turn               (no ring)
MPRegen 0.09/turn               (no ring)

@: heroic, inhibited regen
A: claws 1, cold resistance 1, negative energy resistance 3, inhibited
regeneration, torment resistance 2
a: Renounce Religion, Heroism


You were on level 4 of the Dungeon.
You worshipped Okawaru.
Okawaru was pleased with you.
You visited 1 branch of the dungeon, and saw 4 of its levels.

You collected 179 gold pieces.
You spent 110 gold pieces at shops.

Inventory:

Hand Weapons
 a - a +0 spear (weapon)
Armour
 d - a +0 scale mail (worn)
 g - a +0 helmet (worn)
 l - a +0 cloak (worn)
Scrolls
 i - a scroll of blinking {unknown}
 k - a scroll of fear
 n - 2 scrolls of identify
 o - a scroll of teleportation
Potions
 b - a potion of haste {unknown}
 c - 2 potions of cancellation {unknown}
 e - 3 potions of curing
 f - 3 potions of lignification {unknown}
 h - a potion of brilliance {unknown}
 j - a potion of attraction {unknown}
 m - 2 potions of heal wounds
 p - a potion of might {unknown}


   Skills:
 * Level 5.1(10.1) Fighting
 * Level 4.2(9.2) Polearms
 + Level 1.9(6.9) Armour
 + Level 3.5(8.5) Dodging
 - Level 2.1(7.1) Stealth


You had 5 spell levels left.
You didn't know any spells.
Your spell library contained the following spells:

 Spells                   Type           Power      Damage    Failure   Level
 Static Discharge         Conj/Air       0%         N/A       95%         2
 Lightning Bolt           Conj/Air       0%         1d11      100%        5
 Orb of Destruction       Conj           0%         9d5       100%        7
 Maxwell's Capacitive Co  Air            0%         ∞         100%        8
 Summon Guardian Golem    Hex/Summ       Unusable   N/A       N/A         3
 Spellforged Servitor     Conj/Summ      Unusable   N/A       N/A         7

Dungeon Overview and Level Annotations

Branches:
Dungeon (4/15)
 Temple: D:4-7

Altars:
Elyvilon
Gozag
Nemelex Xobeh
Okawaru
Trog
Zin

Shops:
D:4 !

Annotations:
D:2 Terence
D:3 1 runed translucent door, Cecur's ghost, weakling FeMo


Innate Abilities, Weirdness & Mutations

You thrive by killing the living.
You are immune to poison.
You have sharp fingernails.
Your flesh is cold resistant. (rC+)
You are immune to negative energy. (rN+++)
You do not regenerate when monsters are visible.
You are immune to unholy pain and torment.


Message History

There is a stone staircase leading up here.
You hit the ogre but do no damage. The ogre barely misses you.
You hit the ogre.
The ogre is lightly wounded.
The ogre hits you with a +0 giant club!
There is a stone staircase leading up here.
You climb upwards.
Level annotation: 1 runed translucent door, Cecur's ghost, weakling FeMo
There is a stone staircase leading down here.
You start resting.
HP restored.
You gain the combat prowess of a mighty hero.
You climb downwards.
The ogre hits you with a +0 giant club!!
The ogre closely misses you.
There is a stone staircase leading up here.
You barely miss the ogre. You hit the ogre.
The ogre is lightly wounded.
The ogre hits you with a +0 giant club!
You are too injured to fight recklessly!
You are too injured to fight recklessly!
You are too injured to fight recklessly!
You are too injured to fight recklessly!
You are too injured to fight recklessly!
You are too injured to fight recklessly!
You are too injured to fight recklessly!
You are too injured to fight recklessly!
You hit the ogre. You claw the ogre.
The ogre is moderately wounded.
You hit the ogre.
The ogre is moderately wounded.
The ogre hits you with a +0 giant club!
* * * LOW HITPOINT WARNING * * *
You hit the ogre.
The ogre is heavily wounded.
You hit the ogre.
The ogre is heavily wounded.
The ogre hits you with a +0 giant club!
You die...

####.# #.####.###...#
.....# #######†####.# #...#
###### #..........#.###...#
#.#####............## #.#
####.#.###.#... #.#
####.#.###..... #.#
#..............
#.#####.##.#.###.....
#.#O@.#.#....# #.#...
#.#.....#..### #.#..#
#.#...###..# #.#... ##
#..........# #.##.. .#
#.##.##.#.## ##.. .#
#.##.##>#.# #...
.############.##.##.#.#
#...
.#.............#.#.##.####
#...
...##########.#...###....##
#...


You could see an ogre.

Vanquished Creatures
  An ogre (D:4)
  An iguana (D:4)
  An orc wizard (D:2)
  A hound skeleton (D:4)
  Robin (D:2)
  3 adders
  An ufetubus (D:4)
  A worm (D:3)
  5 dart slugs
  5 orcs
  4 ball pythons
  5 endoplasms
  5 giant cockroaches
  14 goblins
  13 hobgoblins
  8 jackals
  5 kobolds
  A quokka (D:3)
  2 bats
  3 frilled lizards
  9 rats
89 creatures vanquished.

Notes
Turn   | Place    | Note
-------+----------+-------------------------------------------
     0 | D:1      | HallandMoats the Ghoul Monk began the quest for the Orb.
     0 | D:1      | Reached XP level 1. HP: 19/19 MP: 0/0
   259 | D:1      | Reached XP level 2. HP: 22/26 MP: 1/1
   317 | D:1      | Found a faded altar of an unknown god.
   850 | D:2      | Reached XP level 3. HP: 31/33 MP: 2/2
   921 | D:2      | Reached skill level 4 in Fighting
   921 | D:2      | Reached skill level 1 in Armour
  1159 | D:2      | Noticed Robin
  1184 | D:1      | Reached XP level 4. HP: 35/40 MP: 3/3
  1475 | D:2      | Killed Robin
  1627 | D:2      | Noticed Terence
  2352 | D:3      | Reached XP level 5. HP: 30/47 MP: 4/4
  2477 | D:3      | Found an opulent altar of Gozag.
  2676 | D:3      | Found a sparkling altar of Nemelex Xobeh.
  2793 | D:3      | Found an iron altar of Okawaru.
  2801 | D:3      | Became a worshipper of Warmaster Okawaru
  2801 | D:3      | Reached * piety under Okawaru
  2801 | D:3      | Reached ** piety under Okawaru
  2874 | D:3      | Found a runed translucent door.
  2875 | D:3      | Noticed Cecur's ghost (weakling FeMo)
  3488 | D:4      | Found Oqibuhem's Distillery.
  3505 | D:4      | Bought 2 potions of heal wounds for 110 gold pieces
  3512 | D:4      | Noticed an ogre
  3523 | D:4      | Killed an ogre
  3524 | D:4      | Reached skill level 5 in Fighting
  3524 | D:4      | Reached XP level 6. HP: 37/56 MP: 2/5
  3652 | D:4      | Found a bloodstained altar of Trog.
  4464 | D:4      | Mangled by an ogre

Illustrated notes

Levels and vault maps discovered:
D:1:      tarquinn_simple_flora_water_d, layout_basic,
          dreamdust_ecumenical_altar_statues, dk_noncrumbling_3
D:2:      layout_loops_ring, basic_altar, nrook_mini_vaults, uniq_robin,
          uniq_terence
D:3:      layout_basic, nicolae_gozag_seed_capital,
          nicolae_overflow_crystal_walls, okawaru_altar_gauntlet_db,
          elyvilon_altar_5, ebering_ghost_reflecting_pool
D:4:      layout_loops_ring, mainiacjoe_overflow_chevrons,
          nicolae_dithmenos_through_a_glass_darkly, serial_shops, shop,
          chequers_serial_rivers_micro_c

Skill      XL: |  1  2  3  4  5 |
---------------+----------------+-----
Polearms       | 3 4 |  4.2
Fighting       | 4 5 |  5.1
Armour         | 1 |  1.9
Dodging        | 3 |  3.5
Stealth        | |  2.1

Action                   |  1- 3 |  4- 6 || total
-------------------------+-------+-------++-------
Melee: Spear             |   110 |   316 ||   426
       Punch             |       |     7 ||     7
Invok: Heroism           |       |     2 ||     2
  Use: Scroll            |       |     3 ||     3
 Stab: Sleeping          |     1 |       ||     1
Armor: Scale mail        |    38 |   109 ||   147
       Leather armour    |     2 |       ||     2
Dodge: Dodged            |    37 |   144 ||   181

Table legend: (Time is in decaauts)
 A = Elapsed time spent in this place.
 B = Non-inter-level travel time spent in this place.
 C = Inter-level travel time spent in this place.
 D = Time resting spent in this place.
 E = Time spent auto-exploring this place.
 F = Levels seen in this place.
 G = Mean time per level.
                   A        B        C        D        E       F      G
               +--------+--------+--------+--------+--------+-----+--------+
         Total |   4434 |   4374 |     60 |    819 |   2630 |   4 | 1108.5 |
       Dungeon |   4434 |   4374 |     60 |    819 |   2630 |   4 | 1108.5 |
               +--------+--------+--------+--------+--------+-----+--------+

Top non-repeatable levels by time:
     D:2: 1172 daAuts
     D:3: 1170 daAuts
     D:4: 1068 daAuts
     D:1: 1022 daAuts
